AoeStats
← Abacaxi de Marataízes ^_~

MegaRandom

506397154Analyzed
1v1 RM · 20d ago on Sep 13, 2026· 34m 26s· 2 players
Game mode
Random Map
Map size
Tiny (2 player)
Population
200
Speed
Normal
Resources
Standard
Victory
Conquest
Starting age
Dark Age
Ending age
Imperial Age
RankedLock teamsTeams togetherTeam positionsShared explorationLock speedFull tech treeHidden civsTurbo modeCheats
Victory
Defeat
🇹🇷 Persians · Türkiye
807
+17
🇧🇷 Inca · Brazil
828
-17
serkan0735
5:06 Loom
12:57 Feudal Age
13:44 Double-Bit Axe
23:10 Fletching
23:22 Padded Archer Armor
27:05 Castle Age
26:13 Wheelbarrow
26:22 Scale Barding Armor
26:28 Forging
29:10 Husbandry
29:20 Bloodlines
29:36 Bow Saw
30:20 Bodkin Arrow
30:41 Leather Archer Armor
34:24 Chain Barding Armor
34:40 Iron Casting
Abacaxi de Marataízes ^_~
12:56 Feudal Age
19:29 Fletching
21:55 Double-Bit Axe
27:37 Castle Age
25:46 Horse Collar
26:32 Scale Mail Armor
26:49 Gold Mining
27:51 Champi Runner
30:02 Elite Skirmisher
Connection lost

Rejoining the realm…

Still unreachable

The connection could not be restored.

Session expired

The server has moved on; the page needs a fresh start.